Map: [ESL] Inside and Out

Players

NightMare - Winner!

  • Race: Protoss Protoss
  • Spawn Location: 7:00

Cham

  • Race: Zerg Zerg
  • Spawn Location: 1:00

Event: HomeStory Cup XXII

VOD

Have the link to the VOD?

Description

Time

  • Played on: Dec. 15, 2022, 10:29 a.m.
  • Length: 4:25

All games in this series

Show
View Real Time Build Order
Export as new Build Order

NightMare Protoss - Winner!

Build Orders: 1 Gate Expand 

Get SALT Encoding   

  12  0:00  Probe  
  13  0:12  Probe  
  14  0:19  Pylon  
  14  0:24  Probe  
  15  0:37  Probe (Chrono Boost)  
  15  0:40  Gateway  
  16  0:48  Probe (Chrono Boost)  
  17  0:51  Assimilator  
  17  0:53  Probe (Chrono Boost)  
  18  1:03  Probe  
  19  1:15  Probe  
  20  1:28  Cybernetics Core  
  20  1:38  Nexus  
  19  1:41  Probe  
  19  1:46  Pylon  
  20  1:54  Probe  
  21  1:55  Assimilator  
  21  2:02  Adept (Chrono Boost)  
  21  2:06  Probe  
  24  2:18  Probe  
  24  2:19  Robotics Facility  
  25  2:24  Stalker (Chrono Boost)  
  27  2:30  Probe  
  28  2:40  Gateway  
  28  2:42  Probe  
  29  2:49  Adept  
  31  2:57  Pylon  
  31  3:06  Shield Battery  
  31  3:11  Pylon  
  31  3:16  Gateway  
  31  3:23  Sentry (Chrono Boost)  
  33  3:28  Cybernetics Core  
  33  3:37  Pylon  
  33  3:43  Pylon  
  33  3:45  Shield Battery  
  33  3:49  Pylon  
  33  3:57  Probe x2  
  38  4:11  Gateway  
  37  4:20  Pylon  
Show
View Real Time Build Order
Export as new Build Order

Cham Zerg 

Build Orders: Hatch First 

Get SALT Encoding   

  12  0:00  Drone  
  13  0:13  Overlord  
  13  0:17  Drone  
  14  0:31  Drone x2  
  16  0:50  Hatchery  
  16  0:51  Drone  
  17  0:57  Drone  
  17  1:02  Drone  
  18  1:15  Spawning Pool  
  18  1:17  Extractor  
  16  1:19  Drone  
  16  1:20  Drone  
  18  1:29  Drone  
  19  1:57  Overlord  
  19  2:02  Zergling x2  
  19  2:03  Zergling x4  
  19  2:04  Queen  
  24  2:11  Zergling x2  
  25  2:17  Metabolic Boost  
  25  2:18  Zergling x2  
  25  2:22  Zergling x2  
  27  2:24  Zergling x2  
  28  2:34  Zergling x2  
  29  2:38  Zergling x2  
  30  2:44  Zergling x2  
  30  2:47  Zergling x2  
  31  2:55  Zergling x2  
  32  3:09  Overlord x2  
  30  3:23  Overlord  
  26  3:28  Zergling x2  
  26  3:30  Zergling x2  
  26  3:31  Zergling x2  
  26  3:32  Zergling x2  
  26  3:33  Zergling x2  
  28  3:41  Zergling x2  
  25  3:44  Zergling x2  
  24  3:49  Zergling x2  
  23  3:56  Zergling x2  
  24  4:06  Zergling x4  
Tags
 
Add a new tag
Caveats
  • Supply blocks, unpowered buildings, or Contaminate may cause inaccurate times.
  • Supply counts are checked every 10 seconds.